cohdb
Replays
Latest Replays
All Replays
Popular Replays
Top Player Replays
Match Explorer
How It Works
Community
CoH3 Stats
Reddit
Sign in to upload your games and track your stats! →
Sign in with Steam
Match 19628522
Unlisted
Match 19628522
Overview
Messages
Build Orders
End
Panzergrenadier Squad
Selects Italian Infantry
Panzerpioneer Squad
Panzergrenadier Squad
Construct Light Support Kompanie
Fire Support Elements
Flakvierling Half-track
Selects Guastatori Squad
Guastatori Squad
Veteran Squad Leaders
Selects Registered Artillery
Panzerjäger Mechanized Group
Panzerpioneer Squad
Construct Panzerarmee Kommand
Selects Towed Cannone da 105/28 Field Howitzer
Selects Sound the Alarm
Selects Prepared Positions
Registered Artillery
Armored Reserves
Pak 38 Anti-tank Gun Team
Registered Artillery
Panzer IV Assault Group
Pak 38 Anti-tank Gun Team
Selects Obice 305mm Barrage
Registered Artillery
Construct Mechanized Kompanie
Marder III Tank Destroyer
thegrandtheft
Koogle
kerem
hungry-_-vegan
0
0
Comments
sign in to comment!
No comments posted yet!